 Dungeon Crawl Stone Soup version 0.20-a0-539-g174d061 (webtiles) character file.

788 Devintownsend the Chopper (level 7, -8/61 HPs)
             Began as a Minotaur Fighter on Jan 29, 2017.
             Mangled by Prince Ribbit (14 damage)
             ... on level 5 of the Dungeon.
             The game lasted 00:09:53 (2725 turns).

Devintownsend the Chopper (Minotaur Fighter)        Turns: 2725, Time: 00:09:53

Health: -8/61      AC:  8    Str: 28    XL:     7   Next: 56%
Magic:  6/6        EV:  8    Int:  5    God:
Gold:   205        SH: 10    Dex:  9    Spells: 6/6 levels left

rFire    . . .     SeeInvis .   a - +0 war axe
rCold    . . .     Gourm    .   y - +0 ring mail (curse)
rNeg     . . .     Faith    .   c - +0 shield
rPois    .         Spirit   .   (helmet restricted)
rElec    .         Reflect  .   (no cloak)
rCorr    .         Harm     .   z - +1 pair of gloves
MR       .....                  (no boots)
Stlth    ..........             p - amulet of magic regeneration
Regen    0.2/turn               (no ring)
                                (no ring)

@: mighty
A: retaliatory headbutt, horns 2
a: no special abilities


You were on level 5 of the Dungeon.
You were not hungry.

You visited 1 branch of the dungeon, and saw 5 of its levels.

You collected 205 gold pieces.

Inventory:

Hand Weapons
 a - a +0 war axe (weapon)
Armour
 b - a +0 scale mail
 c - a +0 shield (worn)
 y - a cursed +0 ring mail (worn)
 z - a +1 pair of gloves (worn)
Jewellery
 p - an amulet of magic regeneration (around neck)
Wands
 w - a wand of polymorph (14/24)
Scrolls
 e - 2 scrolls of random uselessness {unknown}
 j - 2 scrolls of enchant armour
 k - 2 scrolls of teleportation {unknown}
 n - a scroll of identify
 o - 2 scrolls of remove curse
 t - a scroll of noise {unknown}
Potions
 h - 2 potions of magic {unknown}
 i - 4 potions of curing {unknown}
 m - a potion of agility {unknown}
 q - a potion of degeneration {unknown}
 r - a potion of lignification {unknown}
 s - a potion of flight {unknown}
 u - 2 potions of invisibility {unknown}
 v - a potion of heal wounds {unknown}
Comestibles
 f - 5 bread rations
 g - 2 royal jellies
 l - a meat ration
 x - 3 fruits
 A - 3 chunks of flesh


   Skills:
 + Level 5.6 Fighting
 + Level 7.1 Axes
 + Level 5.8 Armour
 - Level 5.6 Shields


You had 6 spell levels left.
You didn't know any spells.

Dungeon Overview and Level Annotations

Branches:
Dungeon (5/15)
 Temple: D:4-7

Altars:
Yredelemnul

Annotations:
D:5 Prince Ribbit


Innate Abilities, Weirdness & Mutations

You reflexively headbutt those who attack you in melee.
You have a pair of horns on your head.


Message History

Prince Ribbit hits you!
You slash Prince Ribbit! Your headbutt misses Prince Ribbit.
Prince Ribbit is heavily wounded.
Prince Ribbit hits you.
* * * LOW HITPOINT WARNING * * *
You barely miss Prince Ribbit. Your headbutt misses Prince Ribbit.
Prince Ribbit is heavily wounded.
You block Prince Ribbit's attack. Prince Ribbit hits you!
* * * LOW HITPOINT WARNING * * *
You miss Prince Ribbit. Your headbutt misses Prince Ribbit.
Prince Ribbit is heavily wounded.
Prince Ribbit blinks! x2
You feel very mighty all of a sudden. You block Prince Ribbit's attack.
Prince Ribbit hits you but does no damage.
You closely miss Prince Ribbit.
Prince Ribbit is moderately wounded.
Prince Ribbit closely misses you. You furiously retaliate!
You headbutt Prince Ribbit! Prince Ribbit hits you!
You die...

##...##
#.....#
#...# ##.##
#.# #.#
##'##
##...##
##..@..##
##...F...##
#.........#
+.........+
#.........#
##.......##
##.....##
##...##
##'##


You could see Prince Ribbit.

Vanquished Creatures
  Menkaure (D:4)
  2 ogres (D:4)
  A centaur (D:5)
  A jelly (D:5)
  2 bullfrog skeletons
  2 hounds (D:5)
  3 iguanas
  An adder (D:2)
  7 gnolls
  An ooze (D:1)
  An adder zombie (D:5)
  An adder skeleton (D:5)
  3 worms
  3 dart slugs
  3 leopard geckos
  3 orcs
  A ball python (D:2)
  14 bats
  9 giant cockroaches
  7 goblins
  7 hobgoblins
  6 jackals (D:1)
  5 quokkas
  A frilled lizard (D:2)
  4 kobolds
  A leopard gecko skeleton (D:4)
  7 rats
97 creatures vanquished.

Notes
Turn   | Place    | Note
-------+----------+-------------------------------------------
     0 | D:1      | Devintownsend the Minotaur Fighter began the quest for the Orb.
     0 | D:1      | Reached XP level 1. HP: 19/19 MP: 0/0
   183 | D:1      | Reached XP level 2. HP: 27/27 MP: 1/1
   396 | D:1      | Reached XP level 3. HP: 33/33 MP: 2/2
   486 | D:1      | Reached skill level 3 in Axes
  1255 | D:2      | Reached XP level 4. HP: 37/40 MP: 3/3
  1660 | D:3      | Found a basalt altar of Yredelemnul.
  1713 | D:3      | Reached skill level 4 in Axes
  1772 | D:3      | Reached XP level 5. HP: 47/47 MP: 4/4
  2192 | D:4      | Noticed an ogre
  2202 | D:4      | Reached skill level 5 in Shields
  2203 | D:4      | Killed an ogre
  2203 | D:4      | Reached skill level 5 in Axes
  2203 | D:4      | Reached XP level 6. HP: 50/55 MP: 5/5
  2250 | D:4      | Noticed Menkaure
  2256 | D:4      | Killed Menkaure
  2256 | D:4      | Reached skill level 5 in Fighting
  2256 | D:4      | Reached skill level 5 in Armour
  2364 | D:4      | Reached skill level 6 in Axes
  2364 | D:4      | Reached XP level 7. HP: 49/61 MP: 6/6
  2379 | D:5      | Entered Level 5 of the Dungeon
  2617 | D:5      | Reached skill level 7 in Axes
  2704 | D:5      | Noticed Prince Ribbit
  2725 | D:5      | Mangled by Prince Ribbit

Vault maps used:
D:1:      sevenhm_arrival_forest_fort_large_3, serial_bayou_pond_b,
          minmay_misc_feat_more_columns, minmay_tromino_v4_a
D:2:      first_bread, kennysheep_cluttered_room
D:3:      lemuel_statue_altar
D:4:      uniq_menkaure
D:5:      temple_statues, uniq_prince_ribbit1, uniq_crazy_yiuf_cottage

Skill      XL: |  1  2  3  4  5  6  7 |
---------------+----------------------+-----
Shields        | 4 5 |  5.6
Fighting       | 4 5 |  5.6
Axes           | 3 4 5 6 7 |  7.1
Armour         | 4 5 |  5.8

Action                   |  1- 3 |  4- 6 |  7- 9 || total
-------------------------+-------+-------+-------++-------
Melee: War axe           |   145 |    76 |    36 ||   257
       Headbutt          |    17 |    17 |     8 ||    42
  Use: Scroll            |       |     4 |       ||     4
       Potion            |       |       |     1 ||     1
  Eat: Chunk             |     1 |     4 |     1 ||     6
Armor: Scale mail        |    78 |    35 |       ||   113
       Ring mail         |       |     3 |    10 ||    13
Dodge: Dodged            |    57 |    39 |     9 ||   105
Block: Shield            |    80 |    56 |    23 ||   159
